[Event "FRA-ch Teams Top 16-B 2022"]
[Site "Chartres"]
[Date "2022.06.10"]
[Round "2.24"]
[White "Navrotescu, Andreea"]
[Black "Ruhlmann, Helene"]
[Result "1-0"]
[ECO "A28"]
[WhiteElo "2318"]
[BlackElo "1779"]
[Annotator "TA"]
[PlyCount "80"]
[EventDate "2022.06.09"]
[EventType "team-tourn"]
[EventCountry "FRA"]
[SourceTitle "playchess.com"]
[Source "ChessBase"]
[SourceQuality "1"]
[TimeControl "40/5400+30:1800+30"]

1. c4 e5 2. Nc3 Nf6 3. Nf3 Nc6 4. e3 Be7 5. d4 exd4 6. Nxd4 O-O 7. Nc2 {[%emt 0:00:43] A28: English Opening: Four Knights Variation.} Bc5 8. Be2 Re8 9. O-O {[%emt 0:00:53] The position is equal.} d6 {[%emt 0:00:44] [#]} 10. Na4 $146 ({Predecessor:} 10. b3 a5 11. Bb2 Ne5 12. Nd4 c6 13. h3 Ng6 14. Qd3 Nh4 15. Rfd1 d5 16. cxd5 Nxd5 {½-½ (57) Banas,J (2410)-Gazik,I (2400) Hungary 1995}) 10... Qe7 11. Nxc5 dxc5 12. f3 Be6 13. Qe1 Rad8 14. b3 Bc8 15. Kh1 b6 16. Bb2 {[%emt 0:03:54] [#]} Rd6 (16... Nd4 $1 $15 17. Nxd4 (17. Bd3 Nxc2) 17... cxd4 18. Bxd4 (18. e4 d3 $15) 18... Rxd4 $1 19. exd4 Qxe2) 17. Rd1 $11 Red8 18. Qc3 Ne8 19. a3 Rh6 {[%emt 0:03:35] And now ...Qh4 would win.} 20. g3 {[%emt 0:00:00] Prevents Qh4.} Qg5 21. Rxd8 Qxd8 22. Rd1 Qg5 {[%emt 0:00:10] ( -> ...Qxg3)} 23. Qe1 a5 (23... f5 $11) 24. Rd5 Qe7 25. e4 $1 {[%emt 0:00:00] Prevents f5.} Rd6 26. Qd2 Be6 27. Ne3 a4 (27... Bxd5 {feels hotter.} 28. cxd5 Rd8 29. Nf5 Qf8) 28. Rxd6 (28. e5 {with more complications.} Rd7 29. Rxd7 Bxd7 30. Nd5) 28... Qxd6 29. Qxd6 Nxd6 30. bxa4 Na5 31. Be5 f6 32. Bxd6 cxd6 $16 {[%emt 0:00:06][%mdl 4096] Endgame KBN-KBN} 33. Kg2 Kf7 34. f4 Ke7 35. Kf2 g6 36. Ke1 Nb3 37. Kd1 Kd7 $2 {[%emt 0:01:10] [#] A mistake that costs the game.} (37... Bf7 $16 {was worth a try.}) 38. Bg4 $1 $18 Na5 39. Bxe6+ Kxe6 40. Kc2 Nc6 {[%emt 0:00:00] Weighted Error Value: White=0.08 (flawless) /Black=0.22 (precise)} 1-0

[Event "FRA-ch Teams Top 16-B 2022"]
[Site "Chartres"]
[Date "2022.06.10"]
[Round "2.25"]
[White "Esipenko, Andrey"]
[Black "Vernay, Clovis"]
[Result "1-0"]
[ECO "C11"]
[WhiteElo "2709"]
[BlackElo "2523"]
[Annotator "TA"]
[PlyCount "49"]
[EventDate "2022.06.09"]
[EventType "team-tourn"]
[EventCountry "FRA"]
[SourceTitle "playchess.com"]
[Source "ChessBase"]
[SourceQuality "1"]
[TimeControl "40/5400+30:1800+30"]

1. e4 e6 2. d4 d5 3. Nc3 Nf6 4. e5 Nfd7 5. f4 c5 6. Nf3 Nc6 7. Be3 a6 8. Ne2 {[%emt 0:02:01][%cal Bc3e2,Be2f4,Bf4h5][%mdl 32] C11: French: Classical System: 4 e5 and 4 Bg5 dxe4.} Qb6 9. Qc1 {[%emt 0:00:12] [#]} Qc7 $146 ({Predecessor:} 9... Be7 10. c3 O-O 11. g3 a5 12. Qc2 cxd4 13. Nexd4 Nc5 14. Rb1 Bd7 15. Be2 Rac8 {½-½ (53) So,W (2770)-Nepomniachtchi,I (2792) chess24.com INT 2021}) 10. c3 {[%emt 0:02:00] White has an edge.} b6 11. f5 exf5 12. Nf4 Ne7 13. Bd3 {[%emt 0:01:38][%mdl 1024] White has compensation.} c4 14. Bc2 h6 15. O-O g5 {[%emt 0:00:00] [#]} 16. Nh5 ({Much worse is} 16. e6 $6 fxe6 17. Nxe6 Qd6 18. Nxf8 Rxf8 $11) 16... Qc6 17. h4 f4 18. Bd2 Bb7 {[%emt 0:00:00] [#]} (18... Rg8 $16) 19. Qd1 $1 $18 O-O-O $2 (19... Rg8 20. Ba4 b5) 20. hxg5 hxg5 21. Nxg5 {[%emt 0:00:09][%cal Bf3g5,Bg5f7,Bf7d6][%mdl 32] White is winning.} Qh6 22. Nxf7 {[%emt 0:00:14] Active counter play!} Qxh5 23. Qxh5 {[%emt 0:00:09] Really sharp!} (23. Nxh8 Qxh8 24. Rxf4 (24. Bxf4 Bh6 $18) 24... Nxe5 25. dxe5 Nc6 $16) 23... Rxh5 24. Bxf4 (24. Nxd8 Kxd8 25. Bxf4 Bg7 $18) 24... Bg7 25. Nd6+ {[%emt 0:02:17] Weighted Error Value: White=0.04 (flawless) /Black=0.33} ({Not} 25. Nxd8 Kxd8 26. Rae1 Bc8 $18) 1-0

[Event "FRA-ch Teams Top 16-B 2022"]
[Site "Chartres"]
[Date "2022.06.10"]
[Round "2.26"]
[White "Brailly-Vignal, Bastien"]
[Black "Movsesian, Sergei"]
[Result "0-1"]
[ECO "E62"]
[WhiteElo "2372"]
[BlackElo "2600"]
[Annotator "TA"]
[PlyCount "108"]
[EventDate "2022.06.09"]
[EventType "team-tourn"]
[EventCountry "FRA"]
[SourceTitle "playchess.com"]
[Source "ChessBase"]
[SourceQuality "1"]
[TimeControl "40/5400+30:1800+30"]

1. d4 Nf6 2. c4 g6 3. Nc3 Bg7 4. g3 d6 5. Bg2 O-O 6. Nf3 Bf5 7. Nh4 Bc8 8. Nf3 c6 9. O-O Qb6 10. b3 e5 {[%emt 0:01:04] 10...e5 was played by the boomers.} 11. dxe5 {[%emt 0:00:46] E62: King's Indian: Fianchetto: 6...c6 and Panno Variation (6...Nc6) without ...a6.} dxe5 12. e4 (12. Nxe5 $2 Qa5 13. Nxf7 (13. Qd4 $2 Ng4 $19) 13... Rxf7 $19) 12... Bg4 13. Qc2 {[%emt 0:01:08] [#] White has an edge.} Nbd7 $146 ({Predecessor:} 13... Bxf3 14. Bxf3 Rd8 15. Be3 Qc7 16. Rad1 Nbd7 17. Bg2 Ng4 18. Bc1 Nf8 19. Bh3 Nh6 20. Be3 f6 21. b4 Nf7 {0-1 (67) Vijayalakshmi,S (2387)-Mikkelsen,N (2425) Borup 2012}) 14. Na4 Qc7 15. Be3 Rfe8 16. h3 Bxf3 17. Bxf3 Nf8 18. Rad1 b6 19. Bg2 Ne6 20. c5 b5 21. Nc3 Rad8 {[%emt 0:00:53] Against Nd5} 22. Ne2 h5 23. f4 Bh6 24. Qc3 b4 25. Qc1 Qa5 (25... Rxd1 $15 26. Rxd1 Rd8) 26. Rd6 $1 $11 (26. fxe5 Bxe3+ 27. Qxe3 Nd7 $15) 26... Rxd6 27. cxd6 Nf8 ({Less strong is} 27... exf4 28. Nxf4 (28. gxf4 Nd8 $18) 28... Bg5 29. Qxc6 $18 (29. Nxg6 fxg6 30. Bxg5 Qxg5 $16)) (27... Qb5 $11 28. f5 (28. fxe5 Bxe3+ 29. Qxe3 Qxe5 $11) 28... Bxe3+ 29. Qxe3 Qc5 30. Qxc5 Nxc5) 28. fxe5 ({White should try} 28. Qxc6 $14 N8d7 29. Qc2) 28... Bxe3+ $15 29. Qxe3 N6d7 30. Qd2 Nxe5 31. Rd1 Nfd7 32. Nf4 {[%emt 0:00:30] Prevents Re6.} Qc5+ 33. Kh2 a5 34. Rc1 Qb6 35. Rd1 Nf6 {[%emt 0:01:35] Pair of Knights!} (35... Kg7 $17) 36. Nd3 $11 Nfd7 (36... Nxd3 $11 37. Qxd3 Nd7) 37. Nf4 $17 Rd8 {[%emt 0:01:58] Black keeps a firm grip on the game.} 38. Rc1 Ra8 39. Rb1 a4 40. bxa4 (40. Rd1 $17) 40... Rxa4 $19 41. Rf1 Ra3 42. Rf2 b3 43. axb3 Qxb3 44. Ne2 Ra2 45. Qf4 Qa3 46. Nd4 Rxf2 47. Qxf2 Qxd6 48. Nc2 (48. Kg1 $142) 48... h4 49. Qf4 hxg3+ 50. Qxg3 Nf6 51. Kh1 (51. Kg1 {was forced.}) 51... Nh5 52. Qc3 Nd3 {[%emt 0:01:09] ( -> ...Ng3+)} 53. e5 Nxe5 {[%emt 0:00:23][%cal Oe5g4] aiming for ...Ng4!} 54. Nb4 $2 {[%emt 0:00:50] [#]} (54. Qd4 Qf6 55. Qe3) 54... Ng4 $1 {[%emt 0:02:51][%mdl 512] Weighted Error Value: White=0.41/Black=0.14 (very precise)} 0-1

[Event "FRA-ch Teams Top 16-B 2022"]
[Site "Chartres"]
[Date "2022.06.10"]
[Round "2.27"]
[White "Moussard, Jules"]
[Black "Marzolo, Cyril"]
[Result "1-0"]
[ECO "C43"]
[WhiteElo "2651"]
[BlackElo "2376"]
[Annotator "TA"]
[PlyCount "79"]
[EventDate "2022.06.09"]
[EventType "team-tourn"]
[EventCountry "FRA"]
[SourceTitle "playchess.com"]
[Source "ChessBase"]
[SourceQuality "1"]
[TimeControl "40/5400+30:1800+30"]

1. e4 e5 2. Nf3 Nf6 3. d4 Nxe4 4. dxe5 d5 5. Nbd2 Nxd2 6. Bxd2 {[%emt 0:00:43] C43: Petroff Defence: 3 d4.} Be7 7. Bd3 c5 8. c3 {[%emt 0:01:19] The position is equal.} Nc6 9. O-O Be6 10. Re1 h6 {[%emt 0:07:37] [#]} 11. Qa4 $146 ({Predecessor:} 11. Qc2) 11... a6 12. Rad1 Qd7 13. Qc2 O-O-O 14. b4 c4 15. Be2 d4 (15... g5 $14) 16. cxd4 Nxd4 (16... b5 $142) 17. Nxd4 $16 Qxd4 18. Be3 $1 Qxe5 19. Bxc4 Qc7 20. Bxe6+ fxe6 21. Qe2 {[%emt 0:08:17] And now Rc1 would win.} Rxd1 22. Rxd1 Kb8 23. b5 axb5 {[%emt 0:01:34] [#]} 24. Qxb5 (24. Rc1 $142 $1 Qa5 25. Bf4+ Ka7 26. Qxe6) 24... Rd8 25. Rb1 {[%emt 0:00:03] White is more active.} ({White should try} 25. Rf1 $16) 25... Rd5 $1 $14 26. Qb3 Bc5 {[%emt 0:00:46] [#]} 27. Bf4 $1 Bd6 28. Bxd6 Rxd6 {[%emt 0:00:05][%mdl 4096] Endgame KQR-KQR} 29. h4 Rc6 30. Qe3 Rc3 (30... Rc4 $11) 31. Qxe6 $16 Rc1+ 32. Rxc1 Qxc1+ {[%emt 0:00:03] KQ-KQ} 33. Kh2 {[%emt 0:00:02] aiming for Qg8+.} Qf4+ 34. Kh3 {[%emt 0:00:06] Qg8+ is the strong threat.} Qxf2 35. Qe5+ Ka7 36. Qxg7 h5 37. Qe5 {[%emt 0:01:40] Strongly threatening Qa5+.} Qf7 38. Qd4+ Ka6 $2 (38... b6 $16) 39. Qa4+ Kb6 {[%emt 0:00:08] [#]} 40. Qb3+ $1 {[%emt 0:00:12] Weighted Error Value: White=0.06 (flawless) /Black=0.31} 1-0

[Event "FRA-ch Teams Top 16-B 2022"]
[Site "Chartres"]
[Date "2022.06.10"]
[Round "2.28"]
[White "Rouler, Charly"]
[Black "Gozzoli, Yannick"]
[Result "1/2-1/2"]
[ECO "D32"]
[WhiteElo "2345"]
[BlackElo "2591"]
[Annotator "TA"]
[PlyCount "93"]
[EventDate "2022.06.09"]
[EventType "team-tourn"]
[EventCountry "FRA"]
[SourceTitle "playchess.com"]
[Source "ChessBase"]
[SourceQuality "1"]
[TimeControl "40/5400+30:1800+30"]

1. d4 d5 2. c4 e6 3. Nc3 c5 4. cxd5 cxd4 5. Qa4+ Bd7 6. Qxd4 exd5 7. Nf3 ({Don't play} 7. Nxd5 Nc6 8. Qf4 Qa5+ 9. Nc3 (9. Qd2 Bb4 $17) 9... Nb4 $11) 7... Nc6 {[%emt 0:00:30] Against Qe5+. D32: Tarrasch Defence: Sidelines and lines without g3.} 8. Qd1 {[%emt 0:03:32] White is more active.} (8. Qxd5 $14 Nf6 9. Qd2) 8... Nf6 $11 9. Bg5 Bb4 10. e3 h6 11. Bxf6 Qxf6 12. Rc1 O-O 13. Be2 Be6 (13... Rfd8 $5 ) 14. O-O Rfd8 {[%emt 0:05:47] [#]} 15. a3 $146 ({Predecessor:} 15. Qa4 Bd6 16. Rfd1 a6 17. g3 Rd7 18. Nxd5 Qxb2 {½-½ (18) Kaupat,T (1265)-Wagner,K (1797) GER email 2011}) 15... Ba5 16. b4 Bb6 17. Nb5 d4 18. Nbxd4 Nxd4 19. Nxd4 Bxd4 20. exd4 Rxd4 21. Qc2 Rad8 22. Bf3 b5 23. Rfd1 {[%emt 0:05:28] Prevents Rd3.} Bf5 24. Qa2 Rxd1+ $1 25. Rxd1 Rxd1+ 26. Bxd1 $15 {[%emt 0:00:04][%mdl 4096] Endgame KQB-KQB} Qc3 27. Qe2 {[%emt 0:00:11] [#] Against Qe1+} a6 (27... Bg4 $1 $17 28. Qf1 (28. Qe8+ Kh7 $17) (28. f3 Be6) 28... Bxd1 29. Qxd1 Qxa3) 28. h4 $11 Be6 29. Qf3 Qd2 30. Kh2 ({Better is} 30. h5 $11) 30... Bd5 (30... g6 $1 $15) 31. Qe2 Qf4+ 32. g3 Qd4 33. Bc2 {[%emt 0:00:31][%cal Re2e8] [#]} g5 34. Qe3 Qf6 35. h5 (35. Kh3 $11) 35... Bf3 $15 36. Bb3 Kg7 37. Qa7 Bxh5 38. Bd5 Bf3 39. Bxf3 Qxf3 $17 {[%emt 0:00:01] KQ-KQ} 40. Qd4+ Kg6 41. Kg1 f6 ({Reject} 41... Qxa3 $6 42. Qe4+ f5 43. Qe6+ Kg7 44. Qe7+ Kh8 45. Qf8+ Kh7 46. Qf7+ Kh8 47. Qf8+ Kh7 48. Qf7+ Kh8 49. Qf8+ $11) (41... h5 $17 42. Qd8 Qf6 43. Qg8+ Kh6) 42. Qd7 $1 $11 {[%emt 0:00:00] The position is equal.} Qe4 43. Qc8 Qe1+ 44. Kg2 Qe4+ 45. Kg1 Qe1+ 46. Kg2 Qe4+ 47. Kg1 {[%emt 0:03:00] Weighted Error Value: White=0.10 (very precise) /Black=0.08 (flawless)} 1/2-1/2

[Event "FRA-ch Teams Top 16-B 2022"]
[Site "Chartres"]
[Date "2022.06.10"]
[Round "2.29"]
[White "Degraeve, Jean-Marc"]
[Black "Benitah, Yohan"]
[Result "1-0"]
[ECO "B23"]
[WhiteElo "2520"]
[BlackElo "2383"]
[Annotator "TA"]
[PlyCount "103"]
[EventDate "2022.06.09"]
[EventType "team-tourn"]
[EventCountry "FRA"]
[SourceTitle "playchess.com"]
[Source "ChessBase"]
[SourceQuality "1"]
[TimeControl "40/5400+30:1800+30"]

1. e4 c5 2. Nc3 d6 3. d4 cxd4 4. Qxd4 a6 5. Be3 Nf6 6. Nd5 $1 {[%emt 0:23:22] B23: Closed Sicilian: Lines without g3.} Nbd7 {[%emt 0:04:54] [#]} 7. Bc4 $146 (7. Qa4 $5 Nxd5 8. exd5 $11) ({Predecessor:} 7. O-O-O Nxd5 8. exd5 Nf6 9. Bg5 Qa5 10. Bxf6 gxf6 11. Kb1 Rg8 12. Ne2 f5 13. f4 {½-½ (43) Guseinov,G (2645)-Muradli,M (2310) Baku 2016}) 7... e6 8. Nxf6+ {[%emt 0:00:17] The position is equal.} Nxf6 9. Ne2 Be7 10. f3 O-O 11. a4 Bd7 12. O-O Bc6 13. Nc3 Rc8 14. Rfd1 Qa5 15. Bf1 d5 {[%emt 0:03:26] Hoping for ...dxe4.} 16. exd5 Nxd5 17. Nxd5 Bxd5 18. Qd2 Qc7 19. c4 Bc6 (19... Bxc4 $2 20. Rdc1 $18) 20. Qf2 Rfd8 21. Rxd8+ Qxd8 22. Bb6 {[%emt 0:00:15] Against Qa5} Qd6 23. a5 Bf6 24. Rc1 h6 (24... Be5 $15 25. g3 Qb4) 25. b3 Be5 26. h3 Bh2+ 27. Kh1 Bf4 28. Rc3 (28. Be3 $11) 28... Qd1 (28... e5 $15) 29. Rd3 $11 Qb1 30. Qe2 Bg5 31. Qd1 Qb2 32. Be3 Be7 33. Bd4 Qa3 34. Qa1 Qxa1 35. Bxa1 Bb4 36. Bc3 Bxc3 37. Rxc3 {[%emt 0:00:03][%mdl 4096] Endgame KRB-KRB} Rd8 38. Rd3 {[%emt 0:00:03] Prevents Rd1.} Rxd3 39. Bxd3 {[%emt 0:00:01] KB-KB} Kf8 40. Kg1 Ke7 41. Kf2 Kd6 {[%emt 0:30:59] Threatens to win with ...Kc5.} 42. b4 e5 43. h4 h5 {[%emt 0:00:00] [#] This costs Black the game.} ({Black should try} 43... Bd7 $14) 44. Ke3 $1 $18 g6 $2 {[%emt 0:00:00] [#]} (44... Kc7 45. g3 Bd7) 45. g4 $1 {[%emt 0:00:00] White is clearly winning.} Bd7 46. gxh5 gxh5 47. f4 f5 48. Be2 Be8 49. Bf3 e4 50. Be2 Ke6 51. Kd4 Kd6 52. b5 {[%emt 0:00:00] Weighted Error Value: White=0.07 (flawless) /Black=0.17 (very precise)} 1-0

[Event "FRA-ch Teams Top 16-B 2022"]
[Site "Chartres"]
[Date "2022.06.10"]
[Round "2.30"]
[White "Crut, Aurelien"]
[Black "Pelletier, Yannick"]
[Result "0-1"]
[ECO "B22"]
[WhiteElo "2355"]
[BlackElo "2556"]
[Annotator "TA"]
[PlyCount "80"]
[EventDate "2022.06.09"]
[EventType "team-tourn"]
[EventCountry "FRA"]
[SourceTitle "playchess.com"]
[Source "ChessBase"]
[SourceQuality "1"]
[TimeControl "40/5400+30:1800+30"]

1. e4 c5 2. Nf3 e6 3. c3 d5 4. exd5 Qxd5 5. d4 Nf6 6. Be3 cxd4 7. cxd4 Bb4+ 8. Nc3 {[%emt 0:00:21] B22: Sicilian: 2 c3.} O-O 9. Be2 {[%emt 0:09:39] was the old line (9.Bd3).} b6 10. O-O {[%emt 0:07:33] The position is equal.} Bxc3 11. bxc3 Ba6 {[%emt 0:00:12] Prevents c4.} 12. Bxa6 Nxa6 13. Qe2 {[%emt 0:00:50] Recently 13.Ne5 got a lot of attention.} Nb8 14. c4 Qe4 15. Qb2 {[%emt 0:09:31] [#]} Rc8 $146 ({Predecessor:} 15... Nc6 16. Rac1 Rac8 17. Rfe1 Qf5 18. h3 h6 19. Re2 Rc7 20. Qb5 Ne7 21. Ne5 Rfc8 {½-½ (30) Pavasovic,D (2596)-Sutovsky,E (2639) Terme Zrece 2003}) 16. Rac1 Nbd7 17. a4 h6 18. Rfe1 Qf5 19. Qb5 Qxb5 20. axb5 a6 21. bxa6 Rxa6 22. Re2 b5 23. cxb5 Rxc1+ 24. Bxc1 Ra1 25. Rc2 Rb1 26. Ne5 Nxe5 27. dxe5 $11 {[%emt 0:00:00][%mdl 4096] Endgame KRB-KRN} Nd5 {[%emt 0:00:00] [#] White must now prevent ...Nb4.} 28. g3 Rxb5 29. Rb2 Rc5 30. Bd2 g5 31. h4 gxh4 32. Bxh6 hxg3 33. fxg3 Kh7 34. Bf4 Kg6 35. Rf2 Nb4 36. Kg2 (36. Rd2 $15) 36... Nd3 $17 37. Re2 Kf5 {[%emt 0:00:57] Black is more active.} 38. Re3 $2 (38. Kf3 $17 {is more resistant.}) 38... Rc2+ $19 ({Inferior is} 38... Nxf4+ 39. gxf4 Rc4 40. Kg3 $17) 39. Kh3 {[%emt 0:00:22] [#]} (39. Kg1 $19 Rd2 40. Kh1) 39... Nf2+ 40. Kh4 Ng4 {[%emt 0:00:13] Weighted Error Value: White=0.50/Black=0.02 (flawless)} 0-1

[Event "FRA-ch Teams Top 16-B 2022"]
[Site "Chartres"]
[Date "2022.06.10"]
[Round "2.31"]
[White "Cornette, Matthieu"]
[Black "Jrade, Willis"]
[Result "1-0"]
[ECO "B91"]
[WhiteElo "2570"]
[BlackElo "2129"]
[Annotator "TA"]
[PlyCount "55"]
[EventDate "2022.06.09"]
[EventType "team-tourn"]
[EventCountry "FRA"]
[SourceTitle "playchess.com"]
[Source "ChessBase"]
[SourceQuality "1"]
[TimeControl "40/5400+30:1800+30"]

1. e4 c5 2. Nf3 d6 3. d4 cxd4 4. Nxd4 Nf6 5. Nc3 a6 6. g3 e5 7. Nb3 {[%emt 0:00:19] B91: Sicilian Najdorf: 6 g3.} h5 (7... Be7 $11) 8. Bg5 $14 Be6 {[%emt 0:03:02] [#]} 9. f4 $146 {[%emt 0:01:09] White is slightly better.} ({Predecessor:} 9. Bg2 Nbd7 10. a4 Be7 11. h3 Nb6 12. Nd2 Rc8 13. Nf1 Nc4 14. Bc1 Qb6 15. Rb1 {0-1 (46) Escobar Forero,A (2474)-Delgado Ramirez,N (2575) Bogota 2010}) 9... Nbd7 10. f5 Bxb3 11. axb3 Qc7 {[%emt 0:00:44] [#]} (11... Be7 $142) 12. Bb5 $1 $16 Be7 13. Bxf6 Bxf6 14. Nd5 Qd8 15. Bxd7+ Qxd7 16. O-O Bd8 {[%emt 0:07:12] Against Nb6} 17. b4 {[%emt 0:01:02] 0x0.00166bffafebdp-1022s more active pieces. The black rooks are badly placed.} Rc8 18. c3 h4 19. Qf3 Rh6 20. Rad1 Kf8 21. Kg2 Qa4 (21... Qb5 $16) 22. Rd2 (22. f6 $18 {Intending fxg7+ and mate.} gxf6 23. Qe2) 22... Qa2 (22... Bg5 $16 23. Rdd1 Qb3) 23. Qg4 (23. gxh4 $18 Rxh4 24. f6 Bxf6 25. Nxf6 gxf6 26. Qxf6 Rg4+ 27. Kh3) 23... Qc4 {[%emt 0:00:46] [#]} (23... Ra8 $16) 24. f6 $1 $18 g6 (24... gxf6 25. Ne3 h3+ 26. Kh1 f5 27. Rxf5 (27. Nxc4 fxg4 28. Nxd6 Rc7 $16) 27... Qe6) 25. Ne3 {[%emt 0:02:03] White is clearly winning.} Qc7 (25... Qe6 $142 26. Qxe6 fxe6 27. Rxd6 Rh7 28. Rxe6 h3+ 29. Kf3 Rd7) 26. Rfd1 hxg3 27. hxg3 Bxf6 28. Nd5 {[%emt 0:00:04] White took control after the opening.  Weighted Error Value: White=0.21 (precise) /Black=0.49} 1-0

[Event "FRA-ch Teams Top 16-B 2022"]
[Site "Chartres"]
[Date "2022.06.10"]
[Round "2.32"]
[White "Rollot, Florence"]
[Black "Guichard, Pauline"]
[Result "0-1"]
[ECO "A22"]
[WhiteElo "2017"]
[BlackElo "2377"]
[Annotator "TA"]
[PlyCount "74"]
[EventDate "2022.06.09"]
[EventType "team-tourn"]
[EventCountry "FRA"]
[SourceTitle "playchess.com"]
[Source "ChessBase"]
[SourceQuality "1"]
[TimeControl "40/5400+30:1800+30"]

1. c4 Nf6 2. Nc3 e5 3. g3 Bb4 4. Bg2 O-O 5. Nf3 Re8 6. Qb3 {[%emt 0:03:12] A22: English Opening: 1...e5 2 Nc3 Nf6.} Nc6 7. Nd5 {[%emt 0:05:07] [#]} (7. O-O $11) 7... Bc5 (7... e4 $1 $17 8. Nh4 (8. Nxb4 exf3 9. Bxf3 Nd4 $17) 8... Bc5) 8. d3 $11 {[%emt 0:08:22] The position is equal.} Nxd5 9. cxd5 Nd4 10. Nxd4 exd4 {[%emt 0:02:18] [#]} 11. Bf3 $146 ({Predecessor:} 11. Qc2 d6 12. O-O {1-0 (12) Stummerer,A (2144)-Urias,L (1400) UECC email 2000}) 11... a5 12. O-O a4 13. Qc4 d6 14. b3 Bh3 15. Re1 Qd7 16. Rb1 Bg4 (16... Re7 $15) 17. Bxg4 Qxg4 18. b4 Bb6 19. Rb2 h5 20. Kg2 Re5 21. f4 (21. h4 $11 {remains equal.}) 21... Re7 $17 {[%emt 0:00:56] aiming for ...a3. Black is more active. White is on the road to losing.} 22. a3 $2 (22. h3 $17 {was necessary.} Qg6 23. a3) 22... Rae8 23. Qa2 $2 (23. e3 dxe3 24. h3) 23... h4 $19 24. Rc2 g6 25. Rb2 Kg7 26. Rc2 hxg3 27. hxg3 f6 {[%emt 0:03:44] And now ...Rh8 would win.} 28. Qb2 Rh8 29. Rg1 Rh3 30. Kf2 Rh2+ (30... Kg8 $142 31. Rg2 {[#]} Re3 $1 ) 31. Ke1 Rh3 (31... Qf3 $142 32. Kd1 Qf2) 32. Kf2 $1 Qh5 {[%emt 0:02:09] ( -> ...Rh2+)} 33. Qa2 Rh2+ {[%emt 0:00:26] Black mates.} 34. Rg2 Qh3 35. Rxh2 Qxh2+ 36. Kf3 {[%emt 0:00:06] [#]} Re3+ $1 37. Bxe3 Qh1+ {[%emt 0:00:08] Weighted Error Value: White=0.77/Black=0.80} (37... dxe3 38. Rc1 $17) 0-1

[Event "FRA-ch Teams Top 16-B 2022"]
[Site "Chartres"]
[Date "2022.06.11"]
[Round "3.1"]
[White "Le Hetet, Nicolas"]
[Black "Esipenko, Andrey"]
[Result "1-0"]
[ECO "B91"]
[WhiteElo "2372"]
[BlackElo "2709"]
[Annotator "TA"]
[PlyCount "77"]
[EventDate "2022.06.09"]
[EventType "team-tourn"]
[EventCountry "FRA"]
[SourceTitle "playchess.com"]
[Source "ChessBase"]
[SourceQuality "1"]
[TimeControl "40/5400+30:1800+30"]

1. e4 c5 2. Nf3 d6 3. d4 cxd4 4. Nxd4 Nf6 5. Nc3 a6 6. g3 e5 7. Nde2 Be7 8. Bg2 b5 9. O-O Nbd7 10. h3 O-O 11. a3 {[%emt 0:08:53] B91: Sicilian Najdorf: 6 g3.} h5 12. Bg5 Bb7 13. Nc1 {[%emt 0:12:57][%cal Be2c1,Bc1b3,Bb3a5][%mdl 32] The position is equal.} Rc8 14. Re1 {[%emt 0:10:32] [#]} Re8 $146 ({Predecessor:} 14... Rc4 15. Nd3 g6 16. Qd2 Nc5 17. Bxf6 Bxf6 18. Nb4 Ne6 19. Rad1 Nd4 20. Qd3 Kg7 21. Ncd5 a5 22. c3 axb4 23. cxd4 Bxd5 24. dxe5 Bxe5 25. Qxd5 Rc5 26. Qb3 {½-½ (26) Mrdja,M (2241)-Zotova,A (2006) Novi Sad 2022}) 15. Nb3 g6 16. Qd3 Qc7 17. Rac1 Nb6 18. Na5 Ba8 19. Bd2 Bf8 20. Nd5 (20. Bg5 $11 {keeps the balance.}) 20... Nbxd5 (20... Nfxd5 $1 $17 21. exd5 f5) 21. exd5 $11 e4 22. Bxe4 Nxe4 23. Rxe4 Rxe4 (23... Re5 {with more complications.} 24. c4 Qd7 25. b3 Qxh3 26. Rce1 Bg7) 24. Qxe4 Bg7 25. c4 {[%emt 0:05:16] Hoping for cxb5.} Bxb2 26. Rb1 {[%emt 0:01:17] [#]} ({Better is} 26. Rc2 $1 $11 Bf6 27. Nc6) 26... Bxa3 $2 {[%emt 0:07:59] [#]} (26... bxc4 $1 $15 {stays ahead.} 27. Qxc4 (27. Rxb2 $2 c3 $17) (27. Nxc4 Qxc4) 27... Qxc4 28. Nxc4 Rxc4 29. Rxb2 Bxd5) 27. Bc3 $1 $16 {[%emt 0:04:25] 0x0.001b6851bb7bdp-1022s more active pieces.} b4 $2 {[%emt 0:02:12] [#] Loses the game.} (27... Rf8 $16) 28. Ba1 $1 $18 {[%emt 0:01:48][%cal Oe4d4] Strongly threatening Qd4!} Kh7 (28... Qxa5 {gets mated.} 29. Qd4 f6 30. Qxf6) (28... b3 29. Bc3) 29. Qd4 Rg8 {[%emt 0:00:56] [#] Inhibits Qg7+.} (29... f6 $142 30. Re1 (30. Qxf6 Re8 $18) 30... Rf8) 30. Re1 $1 {[%emt 0:00:44][%cal Bb1e1,Be1e8,Be8h8,Bh8h5][%mdl 32] Black must now prevent Re8!} Qd7 {[%emt 0:01:52] Prevents Re8.} (30... Qd8 31. Qa7) 31. g4 Qd8 {[%emt 0:01:08] [#]} 32. Kh2 $1 {[%emt 0:00:31][%cal Od4a7] aiming for Qa7!} Qg5 {[%emt 0:00:36] [#]} (32... Qf8 33. Qf6) 33. Re8 $3 {[%emt 0:00:20][%cal Od4h8][%mdl 512] White wants to mate with Qh8+!} f6 (33... Qe5+ 34. Rxe5) 34. Qa7+ {[%emt 0:00:21] White mates.} Rg7 35. Qxa8 Qf4+ 36. Kg2 Kh6 37. Rh8+ Kg5 38. Qe8 b3 {[%emt 0:01:02] [#]} 39. Rxh5+ $1 {[%emt 0:00:09][%mdl 512] Weighted Error Value: White=0.21 (precise) /Black=0.53} 1-0